 Dungeon Crawl Stone Soup version 0.16.2-2-g470672f (webtiles) character file.

133 monobi the Insei (level 5, -3/37 HPs)
             Began as an Octopode Monk on Sept 4, 2015.
             Killed by nerve-wracking pain
             ... invoked by an orc priest
              (13 damage)
             ... on level 3 of the Dungeon.
             The game lasted 00:02:26 (1784 turns).

monobi the Insei (Octopode Monk)                    Turns: 1784, Time: 00:02:27

Health: -3/37      AC:  1    Str: 10    XL:     5   Next: 16%
Magic:  5/5        EV: 13    Int: 13    God:
Gold:   106        SH:  0    Dex: 15    Spells: 0 memorised, 4 levels left

rFire  . . .     SeeInvis +       - Unarmed
rCold  . . .     Clarity  .     (no shield)
rNeg   . . .     SustAb   .     (helmet restricted)
rPois  .         Gourm    .     (no amulet)
rElec  .         Spirit   .     i - ring of see invisible
rCorr  .         Warding  .     (no ring)
rMut   .         Stasis   .     (no ring)
MR     .....                    (no ring)
Stlth  ++++......               (no ring)
                                (no ring)
                                (no ring)
                                (no ring)

@: not resistant to hostile enchantments, stealthy
A: almost no armour, amphibious, 8 rings, constrict 8, camouflage 1, gelatinous
body 1
a: no special abilities


You were on level 3 of the Dungeon.
You were not hungry.

You visited 1 branch of the dungeon, and saw 3 of its levels.

You collected 106 gold pieces.

Inventory:

Hand weapons
 j - a +2 whip of venom
Jewellery
 i - a ring of see invisible (left tentacle)
Scrolls
 a - a scroll of immolation {unknown}
 d - 6 scrolls of identify {unknown}
 h - a scroll of fog {unknown}
 k - a scroll of remove curse {unknown}
Potions
 c - a potion of agility {unknown}
 e - a potion of lignification {unknown}
 f - a potion of resistance {unknown}
 g - 2 potions of might {unknown}
 l - 2 potions of brilliance {unknown}
 m - a potion of poison {unknown}
Comestibles
 b - 2 bread rations


   Skills:
 + Level 3.7 Fighting
 + Level 3.4 Dodging
 + Level 4.1 Stealth
 + Level 5.1 Unarmed Combat


You had 4 spell levels left.
You didn't know any spells.

Dungeon Overview and Level Annotations

Branches:
Dungeon (3/15)

Altars:

Annotations:
D:3 Natasha


Innate Abilities, Weirdness & Mutations

You cannot wear most types of armour.
You are amphibious.
You can wear up to eight rings at the same time.
You can use your tentacles to constrict many enemies at once.
Your skin changes colour to match your surroundings (Stealth).
Your rubbery body absorbs attacks (AC +1).


Message History

You barely miss the orc. You grab the orc. You squeeze the orc.
You kill the orc!
Things that are here:
a dagger; a robe; an orc corpse
Okay, then.
You barely miss the orc wizard. Your grab misses the orc wizard.
The orc wizard completely misses you.
The crimson imp blinks!
You closely miss the orc wizard. Your grab misses the orc wizard.
You squeeze the orc wizard, but do no damage.
The orc wizard glows brightly for a moment.
You barely miss the orc wizard. Your grab misses the orc wizard.
You closely miss the orc wizard. Your grab misses the orc wizard.
The orc wizard points at you and mumbles some strange words.
The puff of flame hits you!
* * * LOW HITPOINT WARNING * * *
You tentacle-slap the orc wizard but do no damage.
You grab the orc wizard. You constrict the orc wizard.
The orc priest calls down the wrath of Beogh upon you.
Pain shoots through your body!
You die...

#.# #.####
....> ##.#.##
#..... #..#.#
#..#.#
#######....##
#......†..o@#
#......†.##o#
#.######.#.#h#
#.# #..# #.%
#.# #.#.# ..#
#.######.##.#
.# #........#
. .#
#<#####..# #
#.#


You could see an orc priest, an orc wizard and Natasha.

Vanquished Creatures
  Natasha (D:3)
  An orc wizard (D:3)
  Terence (D:2)
  4 worms
  A giant gecko (D:3)
  An orc (D:3)
  A ball python (D:1)
  10 goblins
  5 hobgoblins
  6 kobolds
  2 quokkas (D:2)
  8 bats
  3 giant cockroaches
  A giant newt (D:1)
  4 rats
49 creatures vanquished.

Notes
Turn   | Place    | Note
--------------------------------------------------------------
     0 | D:1      | monobi, the Octopode Monk, began the quest for the Orb.
     0 | D:1      | Reached XP level 1. HP: 16/16 MP: 1/1
   208 | D:1      | Reached XP level 2. HP: 19/21 MP: 2/2
   747 | D:1      | Reached XP level 3. HP: 19/26 MP: 3/3
   926 | D:2      | Noticed Terence
   937 | D:2      | Killed Terence
   968 | D:2      | Reached XP level 4. HP: 14/31 MP: 4/4
  1751 | D:3      | Noticed Natasha
  1759 | D:3      | Killed Natasha
  1759 | D:3      | Reached skill level 5 in Unarmed Combat
  1777 | D:3      | Noticed Natasha
  1777 | D:3      | Reached XP level 5. HP: 21/37 MP: 5/5
  1784 | D:3      | Killed from afar by an orc priest

Action                   |  1- 3 |  4- 6 || total
-------------------------+-------+-------++-------
Melee: Unarmed           |    57 |    50 ||   107
 Stab: Sleeping          |     6 |     3 ||     9
       Distracted        |     1 |       ||     1
  Eat: Beef jerky        |       |     1 ||     1
       Chunk             |       |     1 ||     1
